 Dungeon Crawl Stone Soup version 0.28-b1-25-g9875b3fc8c (webtiles) character file.

Game seed: 15403226537945236387

420 inmateoo the Cudgeller (level 6, -1/39 HPs)
             Began as a Gargoyle Fighter on Feb 6, 2022.
             Was an Initiate of Okawaru.
             Slain by a kobold brigand (6 damage)
             ... on level 4 of the Dungeon.
             The game lasted 00:03:19 (3372 turns).

inmateoo the Cudgeller (Gargoyle Fighter)           Turns: 3372, Time: 00:03:20

Health: -1/39      AC: 17    Str: 21    XL:     6   Next: 94%
Magic:  6/6        EV:  7    Int:  9    God:    Okawaru [......]
Gold:   49         SH:  9    Dex:  9    Spells: 5/5 levels left

rFire   . . .      SeeInvis .   u - +5 whip (vamp)
rCold   + . .      Faith    .   c - +0 buckler
rNeg    + . .      Spirit   .   v - +0 chain mail
rPois   ∞          Reflect  +   r - +0 helmet
rElec   +          Harm     .   (no cloak)
rCorr   .          Rampage  .   x - +0 pair of gloves
Will    .....                   i - +0 pair of boots
Stlth   ..........              o - amulet of reflection
HPRegen 0.13/turn               s - ring of protection from cold
MPRegen 0.10/turn               (no ring)

@: no status effects
A: sickness immunity, AC +4, negative energy resistance 1, electricity
resistance, torment resistance 1, petrification resistance
a: Renounce Religion


You were on level 4 of the Dungeon.
You worshipped Okawaru.
Okawaru was noncommittal.
You visited 2 branches of the dungeon, and saw 5 of its levels.

You collected 161 gold pieces.
You spent 112 gold pieces at shops.

Inventory:

Hand Weapons
 a - a +0 flail
 j - a +2 dagger of venom
 u - a +5 vampiric whip (weapon)
Missiles
 p - 4 curare-tipped darts (quivered)
Armour
 c - a +0 buckler (worn)
 i - a +0 pair of boots (worn)
 r - a +0 helmet (worn)
 v - a +0 chain mail (worn)
 x - a +0 pair of gloves (worn)
Jewellery
 o - an amulet of reflection (around neck)
 s - a ring of protection from cold (left hand)
Wands
 y - a wand of iceblast (9)
Scrolls
 b - 2 scrolls of fear {unknown}
 e - 2 scrolls of noise {unknown}
 l - a scroll of fog {unknown}
 n - 2 scrolls of immolation {unknown}
 q - 2 scrolls of teleportation {unknown}
 t - a scroll of vulnerability {unknown}
 w - 4 scrolls of identify {unknown}
 z - a scroll of torment {unknown}
Potions
 d - 2 potions of might
 f - a potion of attraction {unknown}
 g - a potion of cancellation {unknown}
 h - a potion of haste {unknown}
 k - 2 potions of curing {unknown}
 m - a potion of flight {unknown}
 A - a potion of invisibility {unknown}


   Skills:
 + Level 4.4 Fighting
 * Level 4.5 Maces & Flails
 + Level 4.5 Armour
 + Level 1.8 Dodging
 + Level 4.5 Shields


You had 5 spell levels left.
You didn't know any spells.
Your spell library was empty.

Dungeon Overview and Level Annotations

Branches:
Dungeon (4/15)             Temple (1/1) D:4

Altars:
Cheibriados
Hepliaklqana
Makhleb
Nemelex Xobeh
Okawaru
Ru
Sif Muna
Trog
Uskayaw
Yredelemnul
Zin
The Shining One

Shops:
D:3 =   D:4 :*[*


Innate Abilities, Weirdness & Mutations

You are immune to sickness and miasma.
Your stone body is resilient. (AC +4)
You are immune to poison.
You resist negative energy. (rN+)
You are resistant to electric shocks. (rElec)
You are resistant to unholy torment.
You are immune to petrification.


Message History

The kobold brigand throws a poisoned dart.
The poisoned dart barely misses you.
You swing at nothing.
You hit the kobold.
You feel better.
The kobold is heavily wounded.
You block the kobold's attack.
You completely miss the kobold.
The kobold is heavily wounded.
You block the kobold's attack.
You whack the kobold!
You kill the kobold!
Okawaru accepts your kill.
You barely miss the kobold. You block the kobold's attack.
You closely miss the kobold. The kobold hits you but does no damage.
You miss the kobold. You barely miss the kobold brigand.
You miss the kobold brigand. You block the kobold brigand's attack.
You hit the kobold brigand.
You feel better.
The kobold brigand is lightly wounded.
The kobold brigand barely misses you.
You hit the kobold brigand.
The kobold brigand is lightly wounded.
The kobold brigand hits you but does no damage.
Space warps horribly around you!!
* * * LOW HITPOINT WARNING * * *
You are too injured to fight recklessly!
You hit the kobold brigand.
The kobold brigand is moderately wounded.
The kobold brigand barely misses you.
You are too injured to fight recklessly!
You whack the kobold brigand!
You feel better.
The kobold brigand is heavily wounded.
The kobold brigand hits you but does no damage.
You are too injured to fight recklessly!
You hit the kobold brigand.
The kobold brigand is severely wounded.
The kobold brigand hits you with a +2 whip of distortion.
* * * LOW HITPOINT WARNING * * *
Space warps horribly around you.
You die...

#.......# ####..≈ #####.......#
####### #..§ #...........#
#.....# #.§≈ #.####.#.#..#
#.....# #... #.# #.#.#..# #.....#
#... #.# #.#.#..# #..<..######
####.####......# #.....##.##.
#PPP.PPPPPPP#..#####.......##.
#P......)..P#@##.⌠.##.###..##.
#PPPPP.PPP.P#K#K#.#.#####.....
#P...P.P...P.K'K.#...#..#..##.
####P.P.P.PPP.P..'......#..#..##.
....P.P...P.P.P#.'..#..)#.....##.
.###P.PPPPP.P.P..#.#.#.##.....##.
.###P...P.....P#.##.⌠.##.........
.##.P.P.P.PPP.P#..######....#####
......P.P.P.P.P...# #.#.##


You could see a kobold brigand and 3 kobolds.

Vanquished Creatures
  The ghost of Nattefrost the Skirmisher, an amateur PaFi (D:4)
  A kobold brigand (D:4)
  A scorpion (D:4)
  2 hounds (D:4)
  Robin (D:3)
  A howler monkey skeleton (D:4)
  3 adders
  A worm (D:3)
  A dart slug (D:3)
  4 orcs (D:3)
  8 ball pythons
  3 endoplasms
  5 giant cockroaches
  10 goblins
  11 hobgoblins
  3 jackals (D:4)
  5 quokkas
  3 bats
  4 frilled lizards
  10 kobolds
  6 rats
84 creatures vanquished.

Notes
Turn   | Place    | Note
-------+----------+-------------------------------------------
     0 | D:1      | inmateoo the Gargoyle Fighter began the quest for the Orb.
     0 | D:1      | Reached XP level 1. HP: 14/14 MP: 1/1
    72 | D:1      | Reached XP level 2. HP: 16/19 MP: 2/2
   102 | D:1      | Found a faded altar of an unknown god.
   652 | D:1      | Reached XP level 3. HP: 22/23 MP: 3/3
   852 | D:2      | Found a sacrificial altar of Ru.
  1554 | D:3      | Found Idiof's Jewellery Shoppe.
  1592 | D:3      | Reached XP level 4. HP: 28/29 MP: 4/4
  1770 | D:3      | Noticed Robin
  1945 | D:3      | Killed Robin
  2464 | D:4      | Reached XP level 5. HP: 33/33 MP: 5/5
  2519 | D:4      | Found a runed translucent gate.
  2519 | D:4      | Noticed a kobold brigand
  2519 | D:4      | Noticed Nattefrost's ghost (amateur PaFi)
  2528 | D:4      | Found a runed translucent gate.
  2572 | D:4      | Found Ripoesou's Book Shoppe.
  2574 | D:4      | Found Ugist's Antique Armour Shoppe.
  2574 | D:4      | Found Feveoqoe's Assorted Antiques.
  2581 | D:4      | Found Kysugod's Assorted Antiques.
  2583 | D:4      | Bought a green potion for 20 gold pieces
  2583 | D:4      | Bought a scroll labelled KEIZ ZEUFOVOMN for 23 gold pieces
  2583 | D:4      | Bought a scroll labelled SIOPOXZIPOW for 23 gold pieces
  2583 | D:4      | Bought a scroll labelled FITZOT FECEO for 23 gold pieces
  2583 | D:4      | Bought a scroll labelled FITZOT FECEO for 23 gold pieces
  2594 | D:4      | Noticed a kobold brigand
  2609 | D:4      | Killed a kobold brigand
  2610 | D:4      | Reached skill level 1 in Dodging
  2623 | D:4      | Reached XP level 6. HP: 38/38 MP: 6/6
  2652 | D:4      | Found a staircase to the Ecumenical Temple.
  2672 | Temple   | Entered the Ecumenical Temple
  2703 | Temple   | Became a worshipper of Warmaster Okawaru
  3060 | D:4      | Found a runed translucent gate.
  3354 | D:4      | Killed Nattefrost's ghost
  3372 | D:4      | Slain by a kobold brigand

Illustrated notes

Levels and vault maps discovered:
D:1:      dpeg_arrival_oval, layout_loops_ring,
          hellmonk_ecumenical_altar_prayer_group
D:2:      layout_basic, basic_altar, grunt_decor_fettered, minmay_tromino_v4_b
D:3:      layout_rooms, serial_shops, shop_fountains, uniq_robin
D:4:      layout_loops_cross, minmay_temple_entry_statues_fountains,
          gammafunk_ghost_nasty_kobolds, minmay_shop_grid_forest,
          kennysheep_pointless_box, grunt_decor_resistance, minmay_hedge_maze
Temple:   regret_index_temple_sigil_plot

Skill      XL: |  1  2  3  4  5  6 |
---------------+-------------------+-----
Maces & Flails | 3 4 |  4.5
Fighting       | 4 |  4.4
Armour         | 4 |  4.5
Dodging        | 1 |  1.8
Shields        | 4 |  4.5

Action                   |  1- 3 |  4- 6 || total
-------------------------+-------+-------++-------
Melee: Flail             |   130 |    60 ||   190
       Whip              |       |   125 ||   125
Armor: Scale mail        |    74 |    36 ||   110
       Chain mail        |       |    30 ||    30
Dodge: Dodged            |    57 |    39 ||    96
Block: Buckler           |    25 |    75 ||   100
       Reflection        |       |     2 ||     2
